 Dungeon Crawl Stone Soup version 0.27.1-34-g3ba077fa99 (webtiles) character file.

Game seed: 6010383155157882541

14 Vylera the Gusty (level 2, -3/15 HPs)
             Began as a Deep Elf Air Elementalist on Jan 2, 2022.
             Was a Follower of Okawaru.
             Slain by a water moccasin skeleton (6 damage)
             ... on level 2 of the Dungeon.
             The game lasted 00:02:27 (1019 turns).

Vylera the Gusty (Deep Elf Air Elementalist)        Turns: 1019, Time: 00:02:29

Health: -3/15      AC:  2    Str:  5    XL:     2   Next: 31%
Magic:  1/8        EV: 12    Int: 19    God:    Okawaru [*.....]
Gold:   18         SH:  0    Dex: 15    Spells: 4/7 levels left

rFire    x . .     SeeInvis .   h - +0 spear
rCold    + . .     Faith    .   (no shield)
rNeg     . . .     Spirit   .   a - +0 robe
rPois    .         Reflect  .   (no helmet)
rElec    .         Harm     .   (no cloak)
rCorr    .         Rampage  .   (no gloves)
Will     .....                  (no boots)
Stlth    ++........             (no amulet)
HPRegen  0.05/turn              g - ring of ice
MPRegen  0.11/turn              (no ring)

@: very slightly contaminated
A: no striking features
a: Renounce Religion, Heroism


You were on level 2 of the Dungeon.
You worshipped Okawaru.
Okawaru was aware of your devotion.
You visited 1 branch of the dungeon, and saw 2 of its levels.

You collected 18 gold pieces.

Inventory:

Hand Weapons
 h - a +0 spear (weapon)
Armour
 a - a +0 robe (worn)
Jewellery
 g - a ring of ice (left hand)
Scrolls
 b - 2 scrolls of noise {unknown}
 c - a scroll of vulnerability {unknown}
 f - 3 scrolls of acquirement {unknown}
Potions
 d - a potion of curing {unknown}
 e - a potion of haste {unknown}


   Skills:
 - Level 2.4 Dodging
 + Level 2.8 Stealth
 - Level 3.0 Spellcasting
 + Level 1.5 Conjurations
 * Level 3.4 Air Magic


You had 4 spell levels left.
You knew the following spells:

 Your Spells              Type           Power      Damage    Failure   Level
a - Shock                 Conj/Air       48%        1d6       5%          1
b - Static Discharge      Conj/Air       12%        N/A       9%          2

Your spell library contained the following spells:

 Spells                   Type           Power      Damage    Failure   Level
 Swiftness                Air            15%        N/A       11%         3
 Ensorcelled Hibernation  Hex/Ice        8%         N/A       22%         2
 Airstrike                Air            7%         N/A       36%         4
 Spider Form              Tmut/Pois      1%         N/A       41%         3
 Shadow Creatures         Summ           N/A        N/A       100%        6


Dungeon Overview and Level Annotations

Branches:
Dungeon (2/15)

Altars:
Okawaru


Message History

You see here a frilled lizard corpse.
Found a scale mail.
Found 6 gold pieces.
You now have 18 gold pieces (gained 6).
Found a spear.
Found an escape hatch in the ceiling.
You see here a +0 scale mail.
A water moccasin skeleton comes into view.
There is an escape hatch in the ceiling here.
You see here a +0 spear.
h - a +0 spear
h - a +0 spear (weapon)
Casting: Static Discharge (safe; 9% risk of failure)
Confirm with . or Enter, or press ? or * to list all spells.
Aiming: Shock (safe; 5% risk of failure)
Press: ? - help, Shift-Dir - straight line The zap hits the water moccasin skeleton.
The water moccasin skeleton is lightly damaged.
The zap hits the water moccasin skeleton.
The water moccasin skeleton is moderately damaged.
Casting: Shock (safe; 5% risk of failure)
Confirm with . or Enter, or press ? or * to list all spells.
The water moccasin skeleton is struck by an arc of lightning.
The water moccasin skeleton is heavily damaged.
You are struck by an arc of lightning.
The lightning grounds out.
The water moccasin skeleton barely misses you.
Casting: Static Discharge (safe; 9% risk of failure)
Confirm with . or Enter, or press ? or * to list all spells.
You miscast Static Discharge.
You are very lightly contaminated with residual magic.
Nothing appears to happen.
The water moccasin skeleton bites you.
Unknown command.
Casting: Static Discharge (safe; 9% risk of failure)
Confirm with . or Enter, or press ? or * to list all spells.
The water moccasin skeleton is struck by an arc of lightning!
The water moccasin skeleton is severely damaged.
The lightning grounds out.
The water moccasin skeleton bites you.
* * * LOW HITPOINT WARNING * * *
The water moccasin skeleton bites you.
You die...

##############
.............################
###########....Z@...........#
#.........[.....#.#
#########.############.#.#
..........#.........<#.#.#
###########'##########.#.#
...............####.#.#
######.........##...#.#
#.........##...#.#
#.........##...#.#


You could see a water moccasin skeleton.

Vanquished Creatures
  A ball python (D:1)
  4 bats (D:1)
  2 endoplasms (D:1)
  A hobgoblin (D:1)
  2 frilled lizards (D:2)
  2 kobolds (D:1)
  2 rats (D:1)
14 creatures vanquished.

Notes
Turn   | Place    | Note
-------+----------+-------------------------------------------
     0 | D:1      | Vylera the Deep Elf Air Elementalist began the quest for
                  | the Orb.
     0 | D:1      | Reached XP level 1. HP: 10/10 MP: 6/6
   233 | D:1      | Found a faded altar of an unknown god.
   243 | D:1      | Became a worshipper of Warmaster Okawaru
   243 | D:1      | Reached * piety under Okawaru
   246 | D:1      | Reached XP level 2. HP: 15/15 MP: 4/8
   647 | D:1      | Learned a level 2 spell: Static Discharge
  1019 | D:2      | Slain by a water moccasin skeleton

Illustrated notes

Levels and vault maps discovered:
D:1:      doesnt_arrival_eight_statues, layout_basic,
          chequers_ecumenical_altar_island, kennysheep_decorative_pillar,
          st_stairs_5
D:2:      layout_basic, uniq_robin

Action                   || total
-------------------------++-------
Melee: Unarmed           ||     2
 Cast: Shock             ||    27
       Static Discharge  ||     3
Armor: Robe              ||     5
Dodge: Dodged            ||     8
